 Dungeon Crawl Stone Soup version 0.30-a0-782-ge64f9170bb (webtiles) character file.

Game seed: 6073909947377172406

12413 theswoord the Cleaver (level 11, -1/130 HPs)
             Began as a Demonspawn Gladiator on Feb 21, 2023.
             Was a Priest of Kikubaaqudgha.
             Slain by a 15-headed hydra (3 damage)
             ... on level 2 of the Lair of Beasts.
             The game lasted 00:15:47 (9155 turns).

theswoord the Cleaver (Demonspawn Gladiator)        Turns: 9155, Time: 00:15:47

Health: -1/130     AC: 25    Str: 20    XL:     11   Next: 62%
Magic:  0/11       EV:  2    Int:  9    God:    Kikubaaqudgha [***...]
Gold:   650        SH:  0    Dex: 14    Spells: 6/10 levels left

rFire   . . .      SeeInvis .    a - +1 war axe (spect)
rCold   . . .      Faith    .    (no shield)
rNeg    . . .      Spirit   +    (body armour currently unavailable)
rPois   +          Reflect  .    (helmet currently unavailable)
rElec   .          Harm     .    (cloak currently unavailable)
rCorr   +          Rampage  .    (gloves currently unavailable)
Will    +....      NoTele   +    (boots currently unavailable)
Stlth   +                        n - amulet of regeneration
HPRegen 1.21/turn                u - ring of resist corrosion
MPRegen 0.24/turn                (no ring)

@: confused, tree-form, ambrosia-drunk, invisible
A: stationary, stasis, torment immunity, boosted hp, (hooves 1), powered by pain
1, magic shield, magic regeneration, (sharp scales 2), (fire resistance 1),
strong-willed 1
a: Renounce Religion, Unearth Wretches


You were on level 2 of the Lair of Beasts.
You worshipped Kikubaaqudgha.
Kikubaaqudgha was most pleased with you.
You were a tree.
You visited 2 branches of the dungeon, and saw 11 of its levels.

You collected 671 gold pieces.
You spent 21 gold pieces at shops.

Inventory:

Hand Weapons
 a - a +1 spectral war axe (weapon)
 E - a +1 flail of protection
Missiles
 e - 12 javelins
 g - a throwing net
Armour
 b - a +0 leather armour
 c - a +1 helmet (melded)
 o - the +0 ring mail "Xeul Xarph" {SInv}
   (You found it on level 3 of the Dungeon)

   SInv:      It lets you see invisible.
 A - the +1 ring mail of Taitea (melded) {Contam Int+6 Slay+3 Stlth+}
   (You found it on level 8 of the Dungeon)

   Int:       It affects your intelligence (+6).
   Slay:      It affects your accuracy & damage with ranged weapons and melee
   (+3).
   Contam:    It causes magical contamination when unequipped.
   Stlth:     It makes you more stealthy.
 C - a +0 cloak
Jewellery
 n - an amulet of regeneration (around neck)
 u - a ring of resist corrosion (left branch)
 w - a ring of flight
Wands
 f - a wand of light (13)
Scrolls
 d - 2 scrolls of fear
 j - 2 scrolls of vulnerability
 l - 2 scrolls of enchant armour
 p - 2 scrolls of blinking
 q - 2 scrolls of poison
 t - 4 scrolls of immolation
 x - a scroll of torment
 y - 3 scrolls of teleportation
 D - a scroll of amnesia
 H - a scroll of identify
Potions
 h - a potion of berserk rage
 i - 2 potions of ambrosia
 k - a potion of degeneration
 m - 2 potions of mutation
 s - 2 potions of flight
 v - 2 potions of attraction
 z - a potion of magic
 B - 2 potions of lignification
 F - a potion of haste {unknown}
 G - 2 potions of might {unknown}


   Skills:
 + Level 8.6 Fighting
 + Level 12.1 Axes
 - Level 1.7 Throwing
 + Level 1.5 Armour
 - Level 2.6 Dodging
 + Level 11.6 Necromancy


You had 6 spell levels left.
You knew the following spells:

 Your Spells              Type           Power      Damage    Failure   Level
a - Animate Dead          Necr           20%        N/A       3%          4

Your spell library contained the following spells:

 Spells                   Type           Power      Damage    Failure   Level
 Necrotise                Necr           80%        1d8       1%          1
 Vampiric Draining        Necr           20%        2d7       1%          3
 Agony                    Necr           20%        N/A       10%         5
 Cigotuvi's Dreadful Rot  Necr/Pois/Air  12%        N/A       13%         2
 Anguish                  Hex/Necr       5%         N/A       36%         4
 Magic Dart               Conj           0%         1d3       38%         1
 Searing Ray              Conj           0%         2d4       52%         2
 Borgnjor's Vile Clutch   Necr/Erth      5%         N/A       71%         5
 Ignite Poison            Fire/Tmut/Pois 0%         N/A       77%         3
 Fulminant Prism          Conj/Hex       0%         3d5       99%         4
 Sticky Flame             Conj/Fire      0%         2d3       99%         4
 Simulacrum               Ice/Necr       5%         N/A       99%         6
 Ignition                 Fire           0%         3d3       100%        8


Dungeon Overview and Level Annotations

Branches:
Dungeon (9/15)             Temple (0/1) D:6            Lair (2/5) D:9
  Swamp: Lair:2-3    Shoals: Lair:2-3     Snake: Lair:2-3    Spider: Lair:2-3
    Orc: D:9-12

Altars:
Ashenzari
Hepliaklqana
Kikubaaqudgha
Makhleb
Ru
Sif Muna
Vehumet
Xom
Yredelemnul

Shops:
D:9 *


Innate Abilities, Weirdness & Mutations

You are a tree.
Your roots penetrate the ground, keeping you stationary.
You cannot be teleported.
You are immune to unholy pain and torment.
Your maximum health is greatly increased.
Your equipment is partially melded.
((You have large cloven feet.))
You sometimes gain a little power by taking damage.
When hurt, damage is shared between your health and your magic reserves.
You regenerate magic rapidly.
((You are mostly covered in razor-sharp scales. (AC +2, Slay +2)))
((Your flesh is heat resistant. (rF+)))
You are strong-willed. (Will+)


Message History

r - Retreat! s - Stop attacking. g - Guard the area. f - Follow me.
Anything else - Cancel.
Gang up on whom?
Aim: a 15-headed hydra (heavily wounded, unable to see you, ally target) Attack!
The swamp worm fires a harpoon shot at the 15-headed hydra.
The harpoon shot hits the 15-headed hydra!
The swamp worm bites you!
* * * LOW HITPOINT WARNING * * *
Your blink frog zombie hits the 15-headed hydra!
The 15-headed hydra bites your blink frog zombie! x2
Your blink frog zombie is destroyed!
The 15-headed hydra bites you but does no damage. x4
The 15-headed hydra barely misses you. The 15-headed hydra bites you.
* * * LOW HITPOINT WARNING * * *
The 15-headed hydra bites you but does no damage. x4
The 15-headed hydra bites you!
* * * LOW HITPOINT WARNING * * *
The 15-headed hydra bites you.
* * * LOW HITPOINT WARNING * * *
The 15-headed hydra bites you but does no damage.
An iguana comes into view.
You are confused.
You feel invigorated.
The swamp worm bites you but does no damage.
The 15-headed hydra bites you but does no damage.
The 15-headed hydra bites you.
* * * LOW HITPOINT WARNING * * *
The 15-headed hydra bites you but does no damage. x2
The 15-headed hydra bites you.
* * * LOW HITPOINT WARNING * * *
The 15-headed hydra bites you but does no damage. x2
The 15-headed hydra bites you.
* * * LOW HITPOINT WARNING * * *
The 15-headed hydra completely misses you.
The 15-headed hydra bites you but does no damage. x2
The 15-headed hydra bites you.
You die...
Kikubaaqudgha rasps: "You have failed me!
Welcome... death!"

##...#...........#.P...+.......
P..#............PP....#.......
##..##......##...P+Z..>........
#..♣.......#....##Z...........
♣.♣♣♣♣♣♣#.♣♣♣...#.##.###......
#♣♣♣♣♣..#.#.#.#.......
♣♣.♣................
♣♣.♣≈†ZZ...............
♣..~wD♣Z.......[.......
♣...~≈w♣................
♣.§≈~~~♣................
♣§♣~~≈~♣.##.P####.#..... l
♣≈~~~♣.####### ##..... ♣≈~≈≈♣..
###.## #..... ♣♣≈≈≈♣..##....#
#..... ♣♣♣♣♣.##.....###.....
♣♣....##P....P#......


You could see a 15-headed hydra (unable to see you, ally target), 2 swamp worms,
an iguana (wandering, unable to see you), a friendly cane toad zombie and 2
friendly blink frog zombies.

Vanquished Creatures
  2 two-headed ogres
  3 black mambas (Lair:1)
  2 cane toads (Lair:2)
  A komodo dragon (Lair:1)
  A rime drake (Lair:1)
  2 blink frogs (Lair:2)
  A wyvern (D:9)
  A wraith (D:9)
  10 yaks
  4 vampire mosquitoes (D:6)
  3 basilisks
  3 wargs (D:9)
  A swamp worm (Lair:2)
  7 water moccasins
  An ice beast (D:6)
  A sky beast (D:7)
  2 ogres (D:6)
  3 wolves (Lair:1)
  2 black bears
  A centaur (D:8)
  A lemure (D:9)
  A phantom (D:4)
  Blork the orc (D:4)
  A necrophage (D:4)
  7 bullfrogs
  4 scorpions
  3 electric eels
  A crimson imp (D:4)
  4 howler monkeys (D:9)
  A centaur zombie (D:6)
  3 lava snakes (Lair:1)
  A bullfrog zombie (D:6)
  2 jellies
  3 hounds
  5 orc priests
  4 iguanas
  6 orc wizards
  10 adders
  2 shadow imps (D:5)
  2 ufetubi (D:6)
  2 worms
  6 dart slugs
  10 orcs
  6 ball pythons
  15 bats
  3 endoplasms
  A giant cockroach (D:2)
  5 goblins
  5 hobgoblins
  2 jackals (D:2)
  11 kobolds
  A quokka (D:4)
  A frilled lizard (D:2)
  17 rats
198 creatures vanquished.

Vanquished Creatures (collateral kills)
  Harold (Lair:2)
  Urug (Lair:1)
  A komodo dragon (Lair:2)
  A blink frog (Lair:2)
  3 yaks (D:9)
  An orc warrior (D:8)
  2 orc wizards
  2 orcs (D:9)
12 creatures vanquished.

Vanquished Creatures (others)
  A swamp worm (Lair:2)
  A blink frog zombie (Lair:2)
  A human (D:4)
  3 warg zombies (D:9)
  2 wolf zombies (Lair:1)
  An orc zombie (D:8)
  8 fungi
  7 plants
24 creatures vanquished.

Grand Total: 234 creatures vanquished

Notes
Turn   | Place    | Note
-------+----------+-------------------------------------------
     0 | D:1      | theswoord the Demonspawn Gladiator began the quest for the
                  | Orb.
     0 | D:1      | Reached XP level 1. HP: 16/16 MP: 1/1
    78 | D:1      | Reached skill level 3 in Axes
   139 | D:1      | Gained mutation: You regenerate magic rapidly. [demonic
                  | ancestry]
   139 | D:1      | Reached XP level 2. HP: 22/22 MP: 2/2
   684 | D:2      | Found a shimmering altar of Xom.
   688 | D:2      | Reached XP level 3. HP: 27/27 MP: 3/3
   758 | D:2      | Reached skill level 4 in Axes
  1308 | D:3      | Found a broken altar of Ashenzari.
  1510 | D:3      | Gained mutation: You are partially covered in razor-sharp
                  | scales. (AC +1, Slay +1) [demonic ancestry]
  1510 | D:3      | Reached XP level 4. HP: 33/33 MP: 4/4
  1535 | D:3      | Identified the +0 ring mail "Xeul Xarph" {SInv}
  1832 | D:3      | Found a hazy altar of Hepliaklqana.
  2172 | D:3      | Reached skill level 5 in Axes
  2577 | D:4      | Noticed a phantom
  2587 | D:4      | Killed a phantom
  2588 | D:4      | Reached XP level 5. HP: 21/38 MP: 5/5
  2670 | D:4      | Reached skill level 6 in Axes
  2914 | D:4      | Gained mutation: When hurt, damage is shared between your
                  | health and your magic reserves. [demonic ancestry]
  2914 | D:4      | Reached XP level 6. HP: 39/44 MP: 6/6
  3049 | D:4      | Noticed Blork the orc
  3058 | D:4      | Killed Blork the orc
  3194 | D:4      | Found a radiant altar of Vehumet.
  3195 | D:4      | Found a burning altar of Makhleb.
  3219 | D:4      | Reached skill level 7 in Axes
  3220 | D:4      | Found an ancient bone altar of Kikubaaqudgha.
  3223 | D:4      | Noticed a human
  3224 | D:4      | Killed a human
  3269 | D:4      | Became a worshipper of Kikubaaqudgha
  3289 | D:5      | Entered Level 5 of the Dungeon
  3294 | D:5      | Gained mutation: You are mostly covered in razor-sharp
                  | scales. (AC +2, Slay +2) [demonic ancestry]
  3294 | D:5      | Reached XP level 7. HP: 50/50 MP: 7/7
  3307 | D:5      | Reached skill level 1 in Necromancy
  3707 | D:5      | You fall into a shaft and drop 3 floors!
  4167 | D:5      | Reached skill level 8 in Axes
  4213 | D:5      | Gained mutation: You sometimes gain a little power by
                  | taking damage. [demonic ancestry]
  4213 | D:5      | Reached XP level 8. HP: 56/56 MP: 8/8
  4707 | D:6      | Reached skill level 5 in Necromancy
  4722 | D:6      | Found a staircase to the Ecumenical Temple.
  4770 | D:6      | Gained mutation: Your flesh is heat resistant. (rF+)
                  | [potion of mutation]
  4770 | D:6      | Gained mutation: You are strong-willed. (Will+) [potion of
                  | mutation]
  4770 | D:6      | Gained mutation: You have large cloven feet. [potion of
                  | mutation]
  4777 | D:6      | Reached * piety under Kikubaaqudgha
  4777 | D:6      | Received a gift from Kikubaaqudgha
  4778 | D:6      | Reached skill level 9 in Axes
  5005 | D:6      | Reached XP level 9. HP: 61/61 MP: 9/9
  5288 | D:6      | Learned a level 4 spell: Animate Dead
  5421 | D:6      | Found a basalt altar of Yredelemnul.
  5622 | D:7      | Found a sacrificial altar of Ru.
  6036 | D:8      | Noticed a two-headed ogre
  6054 | D:8      | Killed a two-headed ogre
  6055 | D:8      | Reached skill level 10 in Axes
  6106 | D:8      | Identified the +1 ring mail of Taitea {Contam Int+6 Slay+3
                  | Stlth+}
  6505 | D:8      | Reached skill level 5 in Fighting
  6505 | D:8      | Mutation became permanent: You have large cloven feet.
                  | [demonic ancestry]
  6505 | D:8      | Gained mutation: You have large cloven feet. [demonic
                  | ancestry]
  6505 | D:8      | Reached XP level 10. HP: 29/74 MP: 4/10
  6603 | D:8      | Found a shimmering blue altar of Sif Muna.
  6859 | D:9      | Found a staircase to the Lair.
  6874 | D:9      | Reached ** piety under Kikubaaqudgha
  7008 | D:9      | Found Qamnyzei's Assorted Antiques.
  7011 | D:9      | Bought a scroll labelled NEPSOF PIRYNN for 21 gold pieces
  7057 | D:9      | Noticed a two-headed ogre
  7065 | D:9      | Killed a two-headed ogre
  7129 | D:9      | Reached skill level 11 in Axes
  7134 | D:9      | Reached skill level 10 in Necromancy
  7451 | Lair:1   | Entered Level 1 of the Lair of Beasts
  7457 | Lair:1   | Noticed a black mamba
  7464 | Lair:1   | Killed a black mamba
  7642 | Lair:1   | Reached XP level 11. HP: 45/84 MP: 7/11
  8061 | Lair:1   | Noticed Urug
  8094 | Lair:1   | Killed Urug
  8777 | Lair:2   | Reached *** piety under Kikubaaqudgha
  8777 | Lair:2   | Received a gift from Kikubaaqudgha
  8811 | Lair:2   | Reached skill level 12 in Axes
  8943 | Lair:2   | Noticed Harold
  8953 | Lair:2   | Killed Harold
  8954 | Lair:2   | Reached skill level 1 in Armour
  9144 | Lair:2   | Noticed a six-headed hydra
  9154 | Lair:2   | HP: 5/130 [15-headed hydra (6)]
  9155 | Lair:2   | HP: 2/130 [15-headed hydra (3)]
  9155 | Lair:2   | Slain by a 15-headed hydra

Skill      XL: |  1  2  3  4  5  6  7  8  9 10 11 |
---------------+----------------------------------+-----
Axes           | 3 4 5 6 7 8 9 10 11 12 | 12.1
Necromancy     | 4 6 8 10 11 | 11.6
Fighting       | 5 7 8 |  8.6
Armour         | 1 |  1.5
Throwing       | |  1.7
Dodging        | |  2.6

Action                     |  1- 3 |  4- 6 |  7- 9 | 10-12 || total
---------------------------+-------+-------+-------+-------++-------
  Melee: War axe           |   104 |    95 |   274 |   137 ||   610
         Punch             |       |     1 |     4 |     2 ||     7
         Kick              |       |       |    35 |    43 ||    78
  Throw: Throwing net      |       |       |     3 |     1 ||     4
   Cast: Animate Dead      |       |       |     1 |     4 ||     5
  Evoke: Wand              |       |       |       |     1 ||     1
    Use: Scroll            |     5 |     3 |     9 |     6 ||    23
         Potion            |       |       |    10 |     8 ||    18
   Stab: Sleeping          |     3 |       |       |     1 ||     4
         Held in net/web   |       |       |     2 |       ||     2
         Invisible         |       |       |       |     3 ||     3
         Distracted        |       |       |       |     1 ||     1
 Armour: Leather armour    |    47 |     2 |       |       ||    49
         Ring mail         |       |    38 |   137 |    45 ||   220
         Skin              |       |       |       |    55 ||    55
  Dodge: Dodged            |    70 |    56 |   205 |    73 ||   404

Levels and vault maps discovered:
D:1:      nagdon_arrival_zigzag_paths, layout_basic
D:2:      layout_rooms, basic_altar, chequers_arboretum, minmay_rat_gold_closets
D:3:      layout_basic, amcnicky_altar_gilded, lemuel_round_altar
D:4:      layout_basic, tgw_kikubaaqudgha,
          grunt_temple_overflow_lords_of_destruction, serial_curves,
          eino_curves_02, eino_curves_02, chequers_serial_rivers_micro_c,
          uniq_blork_the_orc
D:5:      old_forge, layout_basic, chequers_serial_rivers_small_3
D:6:      layout_loops_corners, lemuel_zombie_altar_yredelemnul,
          minmay_temple_entry_butterflies
D:7:      layout_cave_pools, hangedman_ru_absence, nicolae_elyvilon_temple_path
D:8:      layout_basic, kennysheep_little_box
D:9:      layout_basic, erik_lair_orcish_takeover, serial_shops,
          nicolae_shop_behind_doors, uniq_pikel
Lair:1:   layout_regular_city, nicolae_lair_liquid_snakes, uniq_urug
Lair:2:   gammafunk_cloud_chamber, layout_regular_city,
          palyth_hydra_swamp_entry, uniq_harold
